Map: Overgrown Facility

Players

kasm

  • Race: Protoss Protoss
  • League: Diamond
  • Spawn Location: 1:00

PeLLy

  • Race: Zerg Zerg
  • League: Diamond
  • Spawn Location: 3:00

TonFrantic - Winner!

  • Race: Protoss Protoss
  • Spawn Location: 9:00

zakkat - Winner!

  • Race: Protoss Protoss
  • League: Diamond
  • Spawn Location: 7:00

VOD

Have the link to the VOD?

Description

Time

  • Played on: Aug. 16, 2019, 1:44 p.m.
  • Length: 9:44
Show
View Real Time Build Order
Export as new Build Order

kasm Protoss 

Build Orders:  

Get SALT Encoding   

  12  0:00  Probe  
  13  0:13  Probe  
  14  0:26  Probe  
  14  0:27  Pylon  
  15  0:43  Probe  
  15  0:47  Gateway  
  16  0:51  Probe  
  16  0:55  Assimilator  
  17  0:59  Probe  
  18  1:07  Assimilator  
  18  1:17  Gateway, Probe  
  19  1:26  Probe  
  20  1:35  Probe  
  21  1:46  Cybernetics Core  
  21  1:53  Probe  
  22  2:03  Probe  
  23  2:18  Warp Gate  
  23  2:32  Pylon  
  23  2:49  Adept x2  
  23  2:50  Probe  
  28  2:51  Nexus  
  28  2:56  Stargate  
  28  3:02  Probe  
  29  3:12  Shield Battery  
  29  3:14  Probe  
  30  3:23  Forge  
  29  3:39  Pylon  
  29  3:41  Probe  
  29  3:47  Pylon  
  30  3:49  Robotics Facility  
  30  4:05  Oracle  
  30  4:13  Probe  
  30  4:18  Photon Cannon  
  30  4:22  Probe  
  31  4:25  Probe  
  32  4:31  Probe  
  32  4:32  Pylon  
  32  4:37  Probe  
  34  4:39  Probe  
  35  4:48  Probe  
  35  4:49  Probe  
  37  4:55  Photon Cannon  
  37  4:57  Assimilator  
  37  5:00  Assimilator  
  37  5:01  Probe x2  
  39  5:13  Probe  
  39  5:14  Probe  
  41  5:15  Immortal  
  41  5:18  Void Ray  
  41  5:25  Probe  
  41  5:26  Probe  
  48  5:37  Probe  
  48  5:38  Gateway, Probe  
  50  5:49  Probe  
  51  5:50  Immortal, Probe  
  52  6:01  Probe  
  52  6:02  Probe  
  52  6:04  Protoss Ground Weapons Level 1, Twilight Council  
  58  6:13  Zealot x2, Probe  
  58  6:14  Probe  
  64  6:28  Immortal, Probe  
  64  6:31  Photon Cannon  
  69  6:33  Pylon  
  69  6:40  Pylon  
  69  6:42  Pylon  
  69  6:44  Pylon  
  69  6:52  Templar Archives, Probe x2  
  71  6:55  Charge  
  71  7:04  Probe  
  71  7:05  Probe  
  73  7:10  Observer  
  73  7:12  Zealot  
  73  7:13  Zealot x2  
  80  7:29  Nexus  
  80  7:30  Psionic Storm  
  80  7:34  Photon Cannon  
  80  7:35  Stalker x3  
  86  7:46  Gateway  
  86  7:49  Probe  
  87  8:00  Photon Cannon  
  87  8:07  Zealot  
  87  8:08  High Templar  
  87  8:12  Pylon  
  91  8:16  Gateway  
  91  8:18  Gateway  
  82  8:40  Stalker x3  
  68  8:47  Stalker  
  58  9:08  Stalker x3  
  59  9:14  Stalker x3  
  54  9:31  Stalker x2  
  54  9:32  Stalker  
Show
View Real Time Build Order
Export as new Build Order

PeLLy Zerg 

Build Orders: Hatch First, Zergling Baneling 

Get SALT Encoding   

  12  0:00  Drone  
  13  0:16  Overlord  
  13  0:23  Drone  
  14  0:34  Drone x2  
  16  0:45  Drone  
  17  0:56  Hatchery  
  16  0:58  Drone  
  16  1:01  Drone  
  18  1:17  Spawning Pool  
  17  1:20  Drone, Extractor  
  17  1:23  Drone  
  18  1:33  Drone  
  19  1:43  Drone  
  20  1:53  Overlord  
  20  2:09  Drone x2  
  20  2:11  Queen x2  
  20  2:15  Drone  
  27  2:20  Drone  
  27  2:21  Metabolic Boost  
  28  2:26  Drone  
  28  2:29  Drone  
  30  2:42  Baneling Nest  
  30  2:43  Drone x2  
  31  2:48  Overlord  
  32  2:51  Drone  
  32  2:58  Zergling x2  
  32  3:02  Zergling x2  
  34  3:09  Zergling x2  
  34  3:12  Queen  
  37  3:13  Zergling x2  
  38  3:23  Zergling x8  
  38  3:24  Zergling x4  
  44  3:27  Overlord  
  44  3:43  Overlord x2  
  44  4:00  Zergling x16  
  52  4:19  Baneling x8  
  52  4:21  Baneling x2  
  52  4:22  Baneling  
  52  4:24  Hatchery  
  52  4:29  Extractor  
  48  5:00  Zergling x24  
  48  5:03  Overlord  
  48  5:04  Overlord x3  
  50  5:30  Lair  
  51  5:42  Drone  
  51  5:43  Drone x5  
  51  5:48  Extractor  
  51  5:49  Extractor  
  54  5:51  Roach Warren  
  52  6:14  Drone x3  
  52  6:15  Drone x3  
  52  6:16  Overlord  
  52  6:17  Overlord x2  
  58  6:20  Extractor  
  57  6:26  Drone, Evolution Chamber  
  57  6:28  Evolution Chamber  
  57  6:30  Drone x5  
  57  6:32  Centrifical Hooks  
  61  6:36  Drone  
  61  6:39  Drone x2  
  64  6:48  Spore Crawler  
  64  6:51  Spore Crawler  
  64  6:54  Spore Crawler  
  61  6:55  Drone x3  
  64  7:03  Drone  
  64  7:04  Drone x3  
  68  7:17  Drone  
  68  7:18  Drone x6  
  75  7:25  Queen  
  77  7:35  Spore Crawler  
  77  7:36  Spore Crawler  
  75  7:44  Zerg Missile Weapons Level 1  
  75  7:49  Hydralisk Den  
  59  8:30  Zergling x2  
  59  8:31  Zergling x28  
  74  8:34  Baneling  
  74  8:35  Baneling x3  
  74  8:37  Hatchery  
  73  8:46  Zergling x8  
  77  8:52  Baneling x2  
  77  8:53  Baneling x16  
  63  9:22  Zergling x4  
  63  9:23  Zergling x16  
Show
View Real Time Build Order
Export as new Build Order

TonFrantic Protoss - Winner!

Build Orders:  

Get SALT Encoding   

  12  0:01  Probe  
  13  0:13  Probe  
  14  0:20  Pylon  
  14  0:25  Probe  
  15  0:38  Probe  
  15  0:40  Gateway  
  16  0:50  Assimilator  
  16  0:51  Probe  
  17  1:04  Probe  
  18  1:16  Probe  
  19  1:33  Cybernetics Core  
  19  1:35  Pylon, Probe  
  20  1:47  Probe  
  21  2:01  Nexus  
  21  2:05  Probe  
  22  2:10  Warp Gate  
  22  2:19  Pylon  
  22  2:21  Probe  
  23  2:23  Assimilator  
  23  2:26  Stalker  
  25  2:33  Probe  
  26  2:45  Probe  
  27  2:57  Probe  
  28  3:03  Gateway, Stalker  
  30  3:07  Gateway  
  30  3:12  Pylon  
  31  3:20  Probe x2  
  32  3:37  Stalker  
  32  3:39  Probe x2  
  36  3:45  Gateway  
  36  3:51  Probe  
  31  4:16  Probe x2  
  32  4:23  Stalker  
  34  4:25  Stalker  
  34  4:26  Stalker  
  34  4:28  Probe  
  39  4:32  Twilight Council  
  39  4:36  Probe  
  39  4:38  Robotics Facility  
  40  4:40  Probe  
  41  4:52  Stalker x2  
  45  5:05  Probe x2  
  47  5:17  Probe  
  44  5:23  Pylon  
  44  5:31  Stalker  
  44  5:32  Stalker  
  44  5:33  Stalker  
  50  5:40  Probe x2  
  52  5:43  Assimilator  
  52  5:44  Blink  
  52  5:52  Probe x2  
  54  6:04  Probe x2  
  54  6:08  Forge  
  56  6:12  Probe  
  56  6:13  Probe  
  58  6:20  Probe  
  58  6:21  Probe  
  60  6:30  Probe  
  60  6:31  Probe  
  62  6:43  Probe  
  62  6:46  Nexus  
  63  6:48  Assimilator  
  63  6:53  Protoss Ground Weapons Level 1  
  63  6:58  Pylon  
  63  7:02  Pylon  
  63  7:04  Probe x2  
  65  7:16  Probe x2  
  67  7:28  Probe x2  
  69  7:31  Pylon  
  69  7:40  Probe  
  69  7:41  Probe  
  71  7:45  Forge  
  71  7:50  Pylon  
  71  7:51  Forge  
  71  7:52  Probe  
  71  7:53  Probe  
  73  8:00  Stalker x2  
  73  8:01  Stalker  
  73  8:02  Stalker  
  73  8:05  Probe x2  
  71  8:46  Stalker x4  
  79  8:54  Gateway  
  79  8:58  Gateway  
  79  9:00  Gateway  
  79  9:01  Gateway x2  
  77  9:07  Photon Cannon  
  77  9:11  Photon Cannon  
  73  9:27  Stalker x2  
  73  9:28  Stalker x2  
  79  9:32  Probe x2  
Show
View Real Time Build Order
Export as new Build Order

zakkat Protoss - Winner!

Build Orders: Nexus First 

Get SALT Encoding   

  12  0:01  Probe  
  13  0:13  Probe  
  14  0:21  Probe  
  14  0:22  Pylon  
  15  0:37  Probe  
  16  0:49  Probe  
  17  1:03  Nexus  
  17  1:11  Assimilator  
  17  1:13  Probe  
  18  1:23  Gateway  
  18  1:31  Assimilator  
  18  1:54  Probe  
  19  2:06  Probe  
  20  2:10  Cybernetics Core  
  20  2:14  Probe  
  20  2:15  Probe  
  20  2:19  Zealot, Assimilator  
  24  2:23  Probe x2  
  26  2:32  Probe  
  26  2:33  Probe  
  28  2:44  Probe  
  29  2:45  Probe  
  29  2:47  Stargate  
  29  2:48  Stalker  
  32  2:56  Probe  
  32  2:57  Pylon  
  33  3:02  Probe, Assimilator  
  34  3:08  Probe  
  35  3:12  Probe  
  35  3:13  Warp Gate  
  36  3:20  Probe, Stalker  
  36  3:21  Probe  
  40  3:31  Pylon  
  40  3:32  Probe  
  40  3:34  Void Ray  
  41  3:46  Probe  
  46  3:49  Probe  
  47  4:00  Stalker  
  49  4:04  Probe x2  
  49  4:08  Stargate  
  51  4:12  Pylon  
  51  4:16  Probe x2  
  53  4:20  Void Ray  
  53  4:26  Pylon  
  57  4:49  Stalker  
  59  4:57  Nexus  
  59  5:02  Pylon  
  59  5:04  Shield Battery  
  59  5:14  Void Ray  
  49  5:23  Probe x2  
  51  5:31  Probe  
  52  5:36  Probe  
  52  5:39  Probe  
  52  5:41  Pylon  
  52  5:42  Protoss Air Weapons Level 1  
  52  5:48  Probe  
  54  5:50  Probe  
  55  6:00  Probe  
  55  6:02  Forge, Probe  
  55  6:03  Stargate  
  57  6:07  Shield Battery  
  57  6:12  Probe  
  57  6:14  Probe  
  57  6:17  Stalker  
  61  6:19  Void Ray  
  61  6:20  Pylon  
  61  6:24  Probe, Void Ray  
  70  6:44  Probe x2  
  72  6:54  Protoss Shields Level 1, Pylon  
  72  7:01  Void Ray  
  72  7:03  Fleet Beacon  
  72  7:07  Probe x2  
  78  7:17  Void Ray  
  82  7:28  Void Ray  
  86  8:01  Pylon  
  86  8:04  Nexus  
  86  8:15  Probe x2  
  80  8:20  Void Ray  
  80  8:27  Probe x2, Void Ray  
  80  8:28  Void Ray  
  94  8:50  Photon Cannon  
  94  8:52  Photon Cannon  
  94  9:02  Photon Cannon  
  94  9:04  Photon Cannon  
  94  9:16  Probe  
Tags
 
Add a new tag
Caveats
  • Supply blocks, unpowered buildings, or Contaminate may cause inaccurate times.
  • Supply counts are checked every 10 seconds.